 Dungeon Crawl Stone Soup version 0.29-a0-314-gb00dd7cb4b (webtiles) character file.

Game seed: 8618087380338482489

396 Ijustatesigmund the Skirmisher (level 6, -4/38 HPs)
             Began as a Gargoyle Wanderer on Mar 29, 2022.
             Slain by an ogre
             ... wielding a +0 giant spiked club
              (16 damage)
             ... on level 5 of the Dungeon.
             The game lasted 00:09:08 (5270 turns).

Ijustatesigmund the Skirmisher (Gargoyle Wanderer)  Turns: 5270, Time: 00:09:09

Health: -4/38      AC: 10    Str: 17    XL:     6   Next: 82%
Magic:  9/9        EV: 11    Int: 16    God:
Gold:   166        SH:  0    Dex:  6    Spells: 9/9 levels left

rFire   + . .      SeeInvis .   a - +1 flail
rCold   + . .      Faith    .   (no shield)
rNeg    + . .      Spirit   .   b - +2 leather armour {Will+}
rPois   ∞          Reflect  .   (no helmet)
rElec   +          Harm     .   (no cloak)
rCorr   +          Rampage  .   l - +0 pair of gloves
Will    +....                   (no boots)
Stlth   +.........              (no amulet)
HPRegen 0.12/turn               (no ring)
MPRegen 0.11/turn               (no ring)

@: resistant
A: sickness immunity, AC +4, negative energy resistance 1, electricity
resistance, torment resistance 1, petrification resistance
a: no special abilities


You were on level 5 of the Dungeon.
You visited 1 branch of the dungeon, and saw 5 of its levels.

You collected 241 gold pieces.
You spent 75 gold pieces at shops.

Inventory:

Hand Weapons
 a - a +1 flail (weapon)
Missiles
 d - 132 stones (quivered)
 e - a poisoned dart
Armour
 b - a +2 leather armour of willpower (worn)
 l - a +0 pair of gloves (worn)
Wands
 h - a wand of charming (17)
Scrolls
 i - 4 scrolls of teleportation
 o - a scroll of silence
 q - 2 scrolls of blinking
Potions
 c - 2 potions of attraction
 g - a potion of brilliance
 n - a potion of haste {unknown}


   Skills:
 + Level 4.2 Fighting
 - Level 2.2 Short Blades
 * Level 3.2 Maces & Flails
 - Level 1.7 Throwing
 + Level 2.8 Armour
 - Level 1.0 Dodging
 - Level 2.0 Spellcasting
 - Level 3.2 Transmutations
 - Level 1.2 Earth Magic


You had 9 spell levels left.
You didn't know any spells.
Your spell library contained the following spells:

 Spells                   Type           Power      Damage    Failure   Level
 Beastly Appendage        Tmut           24%        N/A       6%          1
 Wereblood                Tmut           12%        N/A       10%         2
 Sandblast                Erth           10%        2d5       16%         1
 Animate Skeleton         Necr           2%         N/A       24%         1
 Pain                     Necr           4%         1d4       24%         1
 Scorch                   Fire           2%         2d5       36%         2
 Spider Form              Tmut/Pois      6%         N/A       36%         3
 Stone Arrow              Conj/Erth      6%         3d7       50%         3
 Ozocubu's Armour         Ice            1%         N/A       58%         3
 Vampiric Draining        Necr           1%         2d6       58%         3
 Ice Form                 Ice/Tmut       6%         N/A       77%         4
 Flame Wave               Conj/Fire      1%         2d4       94%         4
 Metabolic Englaciation   Hex/Ice        0%         N/A       100%        5
 Simulacrum               Ice/Necr       0%         N/A       100%        6
 Summon Cactus Giant      Summ           0%         N/A       100%        6


Dungeon Overview and Level Annotations

Branches:
Dungeon (5/15)
 Temple: D:4-7

Altars:
Dithmenos
Gozag
Kikubaaqudgha
Okawaru
Trog
Zin

Shops:
D:3 *


Innate Abilities, Weirdness & Mutations

You are immune to sickness and miasma.
Your stone body is resilient. (AC +4)
You are immune to poison.
You resist negative energy. (rN+)
You are resistant to electric shocks. (rElec)
You are resistant to unholy torment.
You are immune to petrification.


Message History

You hear the sound of rushing water.
There is an entrance to a sewer on this level.
Hurry and find it before the portal rusts away!
Found an escape hatch in the floor.
There is a stone staircase leading up here.
As you read the scroll of identify, it crumbles to dust.
j - a potion of degeneration You drop a potion of degeneration.
As you read the scroll labelled UCOPYG HISAN SYR, it crumbles to dust.
You assume a fearsome visage.
Nothing appears to happen.
It was a scroll of fear.
An iguana comes into view.
The iguana hisses angrily.
An ogre comes into view. It is wielding a +0 giant spiked club.
Found a scroll labelled HOATZAGASK.
The ogre shouts!
The iguana bites you.
You hit the iguana but do no damage. The iguana closely misses you.
You barely miss the iguana. The iguana closely misses you.
You thump the ogre!
The ogre is moderately wounded.
The iguana closely misses you. The ogre barely misses you.
You sock the ogre!
The ogre is severely wounded.
The iguana bites you.
The ogre hits you with a +0 giant spiked club!
The iguana closely misses you.
You are too injured to fight recklessly!
You are too injured to fight recklessly!
You are too injured to fight recklessly!
You are too injured to fight recklessly!
You are too injured to fight recklessly!
You are too injured to fight recklessly!
You are too injured to fight recklessly!
You are too injured to fight recklessly!
You are too injured to fight recklessly!
It was a potion of resistance.
You feel protected. The iguana closely misses you.
The ogre hits you with a +0 giant spiked club!
You die...

.......## ...
#.......#....
.......#...# .
###......... .
.....#.......... ..
#.............##...
#........Ol.......
###........@.......
#..................
##....###.........
#....>............
#.......#.........
##.....##.......#?
##.....####.?..##
#.......## #..##
..........# ###


You could see an ogre and an iguana.

Vanquished Creatures
  Sigmund (D:4)
  A scorpion (D:4)
  Jessica (D:2)
  2 gnolls (D:3)
  6 adders
  An ufetubus (D:3)
  A worm (D:2)
  2 dart slugs (D:3)
  4 orcs
  2 endoplasms
  7 goblins
  6 hobgoblins
  13 jackals
  3 quokkas
  4 ball pythons
  3 bats
  3 frilled lizards
  5 kobolds
  A rat (D:2)
66 creatures vanquished.

Vanquished Creatures (others)
  A gnoll (D:3)
1 creature vanquished.

Grand Total: 67 creatures vanquished

Notes
Turn   | Place    | Note
-------+----------+-------------------------------------------
     0 | D:1      | Ijustatesigmund the Gargoyle Wanderer began the quest for
                  | the Orb.
     0 | D:1      | Ijustatesigmund set off with the following items: a +0
                  | dagger, 8 poisoned darts, a potion of attraction, 24
                  | stones, a +0 leather armour; and the following spells
                  | available to memorise: Beastly Appendage, Sandblast, Spider
                  | Form, Stone Arrow, Ice Form
     0 | D:1      | Reached XP level 1. HP: 10/10 MP: 3/3
   327 | D:1      | Reached skill level 1 in Fighting
   331 | D:1      | Reached XP level 2. HP: 14/16 MP: 5/5
   342 | D:1      | Reached skill level 1 in Short Blades
   866 | D:1      | Found a faded altar of an unknown god.
  1653 | D:2      | Noticed Jessica
  1666 | D:2      | Killed Jessica
  1667 | D:2      | Reached skill level 2 in Fighting
  1667 | D:2      | Reached XP level 3. HP: 21/22 MP: 6/6
  2111 | D:2      | Reached XP level 4. HP: 26/27 MP: 7/7
  3341 | D:3      | Reached skill level 3 in Fighting
  3400 | D:3      | Reached skill level 1 in Armour
  3413 | D:3      | Found an iron altar of Okawaru.
  3417 | D:3      | Reached XP level 5. HP: 32/32 MP: 8/8
  3801 | D:3      | Reached skill level 1 in Maces & Flails
  3994 | D:3      | Found a shadowy altar of Dithmenos.
  3994 | D:3      | Found an opulent altar of Gozag.
  4109 | D:3      | Found Foxie's General Store.
  4117 | D:3      | Bought a scroll of enchant weapon for 75 gold pieces
  4191 | D:4      | Found an ancient bone altar of Kikubaaqudgha.
  4487 | D:4      | Reached XP level 6. HP: 34/38 MP: 9/9
  4607 | D:4      | Found a bloodstained altar of Trog.
  4651 | D:4      | Noticed Sigmund
  4691 | D:4      | Killed Sigmund
  4692 | D:4      | Reached skill level 4 in Fighting
  5128 | D:4      | Found a glowing silver altar of Zin.
  5250 | D:5      | Entered Level 5 of the Dungeon
  5270 | D:5      | Slain by an ogre

Illustrated notes

Levels and vault maps discovered:
D:1:      dpeg_arrival_rhombi, layout_loops_ring, basic_ecumenical_altar,
          kennysheep_minor_cross
D:2:      layout_rooms, minmay_3d_cube, uniq_jessica
D:3:      layout_loops_ring, okawaru_trees_1, gammafunk_temple_overflow_statue,
          serial_shops, nicolae_shop_behind_doors
D:4:      layout_basic, old_standard_altar,
          mainiacjoe_overflow_concentric_impassable, trog_three_pillars_becter,
          uniq_sigmund
D:5:      layout_cave_pools, temple_fountains, gup_sewer_entry_spiral

Skill      XL: |  1  2  3  4  5  6 |
---------------+-------------------+-----
Fighting       | 1 2 3 4 |  4.2
Short Blades   | 1 2 |  2.2
Armour         | 1 2 |  2.8
Maces & Flails | 2 3 |  3.2
Throwing       | |  1.7
Dodging        | |  1.0
Spellcasting   | |  2.0
Transmutations | |  3.2
Earth Magic    | |  1.2

Action                   |  1- 3 |  4- 6 || total
-------------------------+-------+-------++-------
Melee: Dagger            |   199 |    33 ||   232
       Punch             |     1 |     1 ||     2
       Short sword       |       |    88 ||    88
       Flail             |       |   145 ||   145
Throw: Dart              |    25 |     3 ||    28
       Stone             |       |     5 ||     5
Evoke: Wand              |       |     3 ||     3
  Use: Scroll            |     3 |     6 ||     9
       Potion            |       |     4 ||     4
Armor: Leather armour    |    73 |   114 ||   187
       Ring mail         |       |    22 ||    22
Dodge: Dodged            |   148 |   176 ||   324

Table legend: (Time is in decaauts)
 A = Elapsed time spent in this place.
 B = Non-inter-level travel time spent in this place.
 C = Inter-level travel time spent in this place.
 D = Time resting spent in this place.
 E = Time spent auto-exploring this place.
 F = Levels seen in this place.
 G = Mean time per level.
                   A        B        C        D        E       F      G
               +--------+--------+--------+--------+--------+-----+--------+
         Total |   5300 |   5144 |    156 |   1425 |   2772 |   5 | 1060.0 |
       Dungeon |   5300 |   5144 |    156 |   1425 |   2772 |   5 | 1060.0 |
               +--------+--------+--------+--------+--------+-----+--------+

Top non-repeatable levels by time:
     D:1: 1924 daAuts
     D:2: 1291 daAuts
     D:4: 1130 daAuts
     D:3: 933 daAuts
     D:5: 20 daAuts
